 Dungeon Crawl Stone Soup version 0.31.0-11-ge490571c62 (webtiles) character file.

Game seed: 988860391473487759

265 mopl the Caller (level 6, -4/30 (32) HPs)
             Began as a Tengu Summoner on Jan 29, 2024.
             Slain by an orc warrior
             ... wielding a +3 flail of draining
              (10 damage)
             ... on level 4 of the Dungeon.
             The game lasted 00:05:04 (2713 turns).

mopl the Caller (Tengu Summoner)                    Turns: 2713, Time: 00:05:05

HP:   -4/30 (32)    AC:  5    Str:  8    XL:     6   Next: 20%
MP:   10/13         EV: 27    Int: 17    God:
Gold: 193           SH:  0    Dex: 15    Spells: 3/13 levels left

rFire   . . .        h - +0 dagger (venom)
rCold   + . .        (no shield)
rNeg    . . .        p - +2 robe {rC+}
rPois   .            (helmet restricted)
rElec   .            x - scarf {repulsion}
rCorr   .            m - +0 pair of gloves
SInv    .            (boots unavailable)
Will    .....        (no amulet)
Stlth   ++           (no ring)
HPRegen 0.25/turn    (no ring)
MPRegen 0.13/turn

%: repel missiles, acrobat
@: acrobatic, drained, inugami summoned
A: beak, talons 3, acrobatic
a: no special abilities


You were on level 4 of the Dungeon.
You visited 1 branch of the dungeon, and saw 4 of its levels.

You collected 193 gold pieces.

Inventory:

Hand Weapons
 a - a +0 spear
 h - a +0 dagger of venom (weapon)
 s - a +0 trident
Missiles
 B - 2 poisoned darts
Armour
 m - a +0 pair of gloves (worn)
 o - a +0 buckler
 p - a +2 robe of cold resistance (worn)
 x - a scarf of repulsion (worn)
Wands
 r - a wand of polymorph (4)
 t - a wand of charming (2)
 A - a wand of roots (11)
Scrolls
 c - a scroll of enchant weapon {unknown}
 e - 6 scrolls of identify {unknown}
 l - a scroll of immolation
 q - a scroll of vulnerability {unknown}
 w - a scroll of fog {unknown}
 y - a scroll of fear {unknown}
 z - a scroll of brand weapon {unknown}
Potions
 b - a potion of magic
 d - a potion of brilliance {unknown}
 f - 3 potions of mutation {unknown}
 g - 2 potions of heal wounds {unknown}
 i - 3 potions of curing {unknown}
 j - a potion of invisibility {unknown}
 k - 2 potions of might {unknown}
 n - a potion of haste {unknown}
 u - a potion of enlightenment {unknown}
 v - 2 potions of ambrosia {unknown}


   Skills:
 + Level 2.1 Polearms
 - Level 2.1 Dodging
 - Level 2.0 Stealth
 * Level 4.1 Spellcasting
 * Level 6.8 Summonings


You had 3 spell levels left.
You knew the following spells:

 Your Spells              Type           Power      Damage    Failure   Level
a - Summon Small Mammal   Summ           100%       N/A       1%          1
b - Call Imp              Summ           52%        N/A       1%          2
c - Call Canine Familiar  Summ           26%        N/A       3%          3
g - Summon Blazeheart Go  Fire/Summ      15%        N/A       36%         4

Your spell library contained the following spells:

 Spells                   Type           Power      Damage    Failure   Level
 Summon Lightning Spire   Summ/Air       15%        N/A       36%         4


Dungeon Overview and Level Annotations

Branches:
Dungeon (4/15)
 Temple: D:4-7

Altars:

Annotations:
D:3 1 runed translucent door, Daviar's ghost, amateur HuDe


Innate Abilities, Weirdness & Mutations

You have a beak for a mouth.
You have claws for feet.
You can magically evade attacks while moving or waiting.


Message History

The orc shouts!
You hear a shout!
The ball python bites you. The ball python closely misses you.
You barely miss the ball python.
The ball python bites you but does no damage.
The ball python misses you.
You hit the ball python but do no damage.
The ball python is poisoned.
The ball python barely misses you. The ball python closely misses you.
You hit the ball python.
You kill the ball python!
You hit the orc wizard.
The orc wizard is poisoned.
Your kick misses the orc wizard. Your peck misses the orc wizard.
The orc wizard is lightly wounded.
The orc wizard casts a spell.
The orc wizard flickers and vanishes!
Deactivating autopickup; reactivate with Ctrl-A.
The orc shoots a sling bullet.
You closely miss something. Something hits you but does no damage.
The orc shoots a sling bullet.
You miss something. Your kick misses something.
Reactivating autopickup.
You feel a bit more experienced.
The orc shoots a sling bullet.
The sling bullet hits you. The sling bullet freezes you.
The orc unwields a +2 sling of freezing.
The orc hits you.
Things that are here:
a +0 dagger; a +0 robe; an orc corpse You hit the orc but do no damage.
The orc is poisoned.
You hit the orc.
The orc looks as sick as possible!
You claw the orc.
You kill the orc!
The orc warrior hits you with a +3 flail of draining!
You feel drained.
* * * LOW HITPOINT WARNING * * *
Casting: Call Imp (safe; 1% risk of failure)
Confirm with . or Enter, or press ? or * to list all spells.
You call for your canine familiar and it appears with a howl!
An orc comes into view. It is wielding a +0 dagger.
The orc warrior attacks as it pursues you!
The orc warrior hits you with a +3 flail of draining!
You die...

#.....#.#
##..... ..
..... #.##
..o..o ..
.... ....
.... .# #..#
#.#.# #..# .#
#..###.#.. #
#..# .#
#..#.#.#..
#.####..###.#
#...#..##.
#......h@o))#
#..#......
####.....####
#.........
#.......#
#.##....<.
##.....##
###.####...#
##....# #...#
#...# ##...#
#.### #...#
##).# #.#
#.... #..#
#.# #....
#..# #.#
##.##


You could see an orc warrior (ally target), an orc (distracted) and a friendly
inugami (summoned).

Vanquished Creatures
  An iguana (D:4)
  A sleepcap (D:4)
  An orc wizard (D:4)
  Robin (D:3)
  2 gnolls
  6 adders
  A ribbon worm (D:2)
  3 orcs
  6 endoplasms
  2 giant cockroaches
  13 goblins
  10 hobgoblins
  10 kobolds
  A quokka (D:3)
  11 ball pythons
  5 bats
  3 frilled lizards
  7 rats
84 creatures vanquished.

Vanquished Creatures (collateral kills)
  A sleepcap (D:4)
  A ball python (D:1)
  An endoplasm (D:1)
  3 goblins
6 creatures vanquished.

Grand Total: 90 creatures vanquished

Notes
Turn   | Place    | Note
-------+----------+-------------------------------------------
     0 | D:1      | mopl the Tengu Summoner began the quest for the Orb.
     0 | D:1      | Reached XP level 1. HP: 10/10 MP: 4/4
    28 | D:1      | Reached skill level 5 in Summonings
    28 | D:1      | Reached XP level 2. HP: 4/15 MP: 6/6
    80 | D:1      | Learned a level 2 spell: Call Imp
   252 | D:1      | Reached XP level 3. HP: 14/19 MP: 7/7
   797 | D:2      | Reached XP level 4. HP: 6/24 MP: 9/9
   875 | D:2      | Learned a level 3 spell: Call Canine Familiar
   949 | D:2      | Reached skill level 1 in Polearms
  1178 | D:2      | Identified the +0 helmet "Kiriaf Udet" {rF+ Str+4}
  1263 | D:3      | Reached skill level 6 in Summonings
  1444 | D:3      | Reached XP level 5. HP: 14/28 MP: 11/11
  1509 | D:3      | Learned a level 4 spell: Summon Blazeheart Golem
  1532 | D:3      | Noticed Robin
  1932 | D:3      | Killed Robin
  2015 | D:3      | Found a runed translucent door.
  2025 | D:3      | Noticed Daviar's ghost (amateur HuDe)
  2591 | D:4      | Reached XP level 6. HP: 20/32 MP: 11/13
  2671 | D:4      | Noticed an orc warrior
  2713 | D:4      | Slain by an orc warrior

Illustrated notes

Levels and vault maps discovered:
D:1:      wander_arrival_desolate, layout_basic
D:2:      layout_rooms
D:3:      layout_basic, ebering_ghost_inner_flame, hangedman_decor_peaks_small,
          minmay_randomly_rotated_circles, uniq_robin
D:4:      layout_loops_ring

Skill      XL: |  1  2  3  4  5 |
---------------+----------------+-----
Summonings     | 5 6 |  6.8
Spellcasting   | 3 4 |  4.1
Polearms       | 1 2 |  2.1
Dodging        | |  2.1
Stealth        | |  2.0

Action                     |  1- 3 |  4- 6 || total
---------------------------+-------+-------++-------
  Melee: Unarmed           |    19 |       ||    19
         Kick              |    19 |    44 ||    63
         Peck              |    12 |    30 ||    42
         Punch             |     1 |     1 ||     2
         Short sword       |    33 |       ||    33
         Spear             |    17 |       ||    17
         Dagger            |    13 |   150 ||   163
   Cast: Call Imp          |     1 |     3 ||     4
         Summon Small Mamm |       |     1 ||     1
         Call Canine Famil |       |     2 ||     2
   Stab: Sleeping          |     4 |     4 ||     8
 Armour: Robe              |    42 |    58 ||   100
  Dodge: Dodged            |    61 |    90 ||   151
